 Dungeon Sprint DCSS version 0.27-a0-96-gb51a1d6fd6 (webtiles) character file.

Game seed: 3199463358894213350

17986 Conn the Scorcher (level 12, 0/97 HPs)
             Began as a Hill Orc Fire Elementalist on Jan 19, 2021.
             Was a High Priest of Sif Muna.
             Slain by a fire giant
             ... wielding a +2 great sword of flaming
              (25 damage)
             ... in the Dungeon (Sprint I: "Red Sonja") on Jan 20, 2021.
             The game lasted 00:49:24 (4355 turns).

Conn the Scorcher (Hill Orc Fire Elementalist)      Turns: 4355, Time: 00:49:24

Health: 0/97       AC: 16    Str: 14    XL:     12   Next: 53%
Magic:  21/26      EV: 12    Int: 23    God:    Sif Muna [*****.]
Gold:   279        SH:  5    Dex: 11    Spells: 7/32 levels left

rFire    + . .     SeeInvis +   n - +2 scythe "Hontylae" {drain, rElec rF+}
rCold    + . .     Faith    .   (shield currently unavailable)
rNeg     . . .     Spirit   .   v - +6 scale mail "Ihaasoz" {Str+2}
rPois    .         Reflect  +   (no helmet)
rElec    +         Harm     .   o - +0 cloak of Kaasitz {rElec SInv}
rCorr    .         Rampage  .   (no gloves)
Will     +....     NoTele   +   t - +2 pair of boots {run}
Stlth    ++........             k - amulet of reflection
HPRegen  0.66/turn              r - ring of Taipnul {Will+ Int+4 Stlth+}
MPRegen  0.20/turn              w - ring of wizardry

@: quick
A: cold resistance 1, deformed body, regeneration 1
a: Renounce Religion, Channel Magic, Forget Spell, Divine Exegesis


You were in the Dungeon.
You worshipped Sif Muna.
Sif Muna was extremely pleased with you.
You visited 1 branch You collected 2725 gold pieces.
You spent 2446 gold pieces at shops.

Inventory:

Hand Weapons
 e - a +0 scythe
 l - a +1 dagger of draining
 n - the +2 scythe "Hontylae" (weapon) {drain, rElec rF+}
   (You found it in the Dungeon)

   A truly terrible weapon, it drains the life of those it strikes.
   It protects you from fire.
   It insulates you from electricity.
Armour
 a - a +0 robe
 b - a +0 leather armour
 m - a +0 troll leather armour
 o - the +0 cloak of Kaasitz (worn) {rElec SInv}
   (You bought it in a shop in the Dungeon)

   It insulates you from electricity.
   It lets you see invisible.
 t - a +2 pair of boots of running (worn)
 u - the +1 scale mail of Nemelex Xobeh's Pride {+Fly rC++ Regen+ Int-5}
   (You bought it in a shop in the Dungeon)

   It affects your intelligence (-5).
   It greatly protects you from cold.
   It lets you fly.
   It increases your rate of regeneration.
 v - the +6 scale mail "Ihaasoz" (worn) {Str+2}
   (You bought it in a shop in the Dungeon)

   It affects your strength (+2).
Jewellery
 k - an amulet of reflection (around neck)
 r - the ring of Taipnul (left hand) {Will+ Int+4 Stlth+}
   (You bought it in a shop in the Dungeon)

   [ring of stealth]

   It affects your intelligence (+4).
   It affects your willpower, your defense against some magical effects.
   It makes you more stealthy.
 w - a ring of wizardry (right hand)
Wands
 g - a wand of iceblast (1)
Scrolls
 h - a scroll of remove curse
 p - 2 scrolls of identify
 s - a scroll of acquirement {unknown}
Potions
 c - 3 potions of curing
 d - a potion of heal wounds
 f - 2 potions of magic
 q - a potion of haste


   Skills:
 + Level 6.7 Fighting
 + Level 2.1 Short Blades
 + Level 6.4 Polearms
 + Level 1.6 Throwing
 * Level 9.3 Armour
 + Level 6.3 Dodging
 + Level 5.4 Stealth
 * Level 8.4 Shields
 - Level 3.0 Unarmed Combat
 * Level 10.6 Spellcasting
 + Level 12.5 Conjurations
 + Level 5.6 Summonings
 + Level 5.4 Translocations
 - Level 17.3 Fire Magic
 + Level 1.5 Air Magic
 * Level 3.3 Poison Magic
 - Level 6.3 Invocations
 + Level 3.0 Evocations


You had 7 spell levels left.
You knew the following spells:

 Your Spells              Type           Power        Failure   Level
a - Foxfire               Conj/Fire      100%         1%          1
b - Conjure Flame         Conj/Fire      69%          1%          3
c - Inner Flame           Hex/Fire       51%          1%          3
d - Sticky Flame          Conj/Fire      69%          1%          4
e - Fireball              Conj/Fire      34%          1%          5
f - Blink                 Tloc           N/A          1%          2
g - Mephitic Cloud        Conj/Pois/Air  38%          1%          3
h - Call Imp              Summ           38%          1%          2
i - Searing Ray           Conj           100%         1%          2

Your spell library contained the following spells:

 Spells                   Type           Power        Failure   Level
 Apportation              Tloc           74%          1%          1
 Magic Dart               Conj           100%         1%          1
 Ignite Poison            Fire/Tmut/Pois 43%          1%          3
 Static Discharge         Conj/Air       44%          1%          3
 Iskenderun's Mystic Bla  Conj/Tloc      52%          1%          4
 Portal Projectile        Hex/Tloc       48%          7%          3
 Animate Skeleton         Necr           24%          8%          1
 Corona                   Hex            13%          8%          1
 Pain                     Necr           48%          8%          1
 Passage of Golubria      Tloc           N/A          8%          4
 Slow                     Hex            12%          11%         2
 Sublimation of Blood     Necr           6%           11%         2
 Irradiate                Conj/Tmut      20%          16%         5
 Olgreb's Toxic Radiance  Pois           27%          17%         4
 Frozen Ramparts          Ice            24%          21%         3
 Ozocubu's Armour         Ice            12%          21%         3
 Vampiric Draining        Necr           6%           21%         3
 Conjure Ball Lightning   Conj/Air       22%          50%         6
 Animate Dead             Necr           6%           54%         4
 Cause Fear               Hex            6%           54%         4
 Leda's Liquefaction      Hex/Erth       6%           54%         4
 Alistair's Intoxication  Tmut/Pois      12%          65%         5
 Agony                    Necr           12%          86%         5
 Hydra Form               Tmut           6%           100%        6
 Statue Form              Tmut/Erth      8%           100%        6
 Dragon Form              Tmut           6%           100%        7
 Disjunction              Tloc           18%          100%        8


Dungeon Overview and Level Annotations

Branches:
Dungeon (1/1)

Altars:
Cheibriados
Dithmenos
Elyvilon
Fedhas
Gozag
Hepliaklqana
Kikubaaqudgha
Makhleb
Nemelex Xobeh
Okawaru
Qazlal
Ru
Sif Muna
Trog
Uskayaw
Vehumet
Wu Jian
Xom
Yredelemnul
Zin
The Shining One
Jiyva
Lugonu

Shops:
D [*!*[*(!((:=[:}}:[[[}


Innate Abilities, Weirdness & Mutations

Your flesh is cold resistant. (rC+)
Armour fits poorly on your strangely shaped body.
Your natural rate of healing is unusually fast.


Message History

Casting: Searing Ray (safe; 1% risk of failure)
Confirm with . or Enter, or press ? or * to list all spells.
Aiming: Searing Ray (safe; 1% risk of failure)
Press: ? - help, Shift-Dir - straight line, f/p - fire giant
Aim: a fire giant, wielding a +2 great sword of flaming (purple smoke, lightly wounded, very poisoned, slow, 4% to evade)
The searing ray hits the fire giant!
The fire giant is moderately wounded. (Press . to maintain the ray.)
The fire giant points at you and mumbles some strange words.
The bolt of fire hits you! You resist.
* * * LOW HITPOINT WARNING * * *
The searing ray hits the fire giant!
The fire giant is moderately wounded.
The searing ray hits the fire giant.
The fire giant is moderately wounded.
The searing ray hits the fire giant!
The fire giant is heavily wounded.
You finish channeling your searing ray.
The fire giant hits you with a +2 great sword of flaming!!
You die...

#####################
.')..#.(#§§§.§§§§§§§+
.#.).##'#§####§C@§§##
##...'.§#÷#
##§§§#####
§#####.§'.# ###§#
(!## §#..##+####
#†##$$$# §'..#..^°°#
#..###$# §#..#..^)°+
##.#A#$# ###'###°☼°#
#..###$# ###.'.#°○°#
#.##..$# #(###.#..##
#..#+###


You could see a fire giant (very poisoned, slow).

Vanquished Creatures
  3 fire giants (D)
  2 centaur warriors (D)
  Sonja (D)
  A deep troll (D)
  7 unseen horrors (D)
  A lindwurm (D)
  A shining eye (D)
  An oklob plant (D)
  A gargoyle (D)
  2 kobold demonologists (D)
  4 demonic crawlers (D)
  A hornet (D)
  A slime creature (D)
  Sigmund (D)
  2 redbacks (D)
  A yak (D)
  13 hogs (D)
  4 floating eyes (D)
  7 necrophages (D)
  An ogre (D)
  8 jellies (D)
  Ijyb (D)
  A ballistomycete spore (D)
65 creatures vanquished.

Vanquished Creatures (collateral kills)
  7 shining eyes (D)
  2 floating eyes (D)
9 creatures vanquished.

Vanquished Creatures (others)
  A gargoyle (D)
  A ballistomycete spore (D)
  71 foxfires (D)
73 creatures vanquished.

Grand Total: 147 creatures vanquished

Notes
Turn   | Place    | Note
-------+----------+-------------------------------------------
     0 | D        | Conn the Hill Orc Fire Elementalist began the quest for the
                  | Orb.
     0 | D        | Reached XP level 1. HP: 14/14 MP: 3/3
     1 | D        | Noticed Ijyb
    19 | D        | Killed Ijyb
    20 | D        | Reached skill level 5 in Fire Magic
    20 | D        | Reached XP level 2. HP: 10/20 MP: 1/5
    20 | D        | Reached XP level 3. HP: 13/26 MP: 1/6
   230 | D        | Learned a level 3 spell: Conjure Flame
   236 | D        | Noticed an ogre
   256 | D        | Killed an ogre
   257 | D        | Reached skill level 1 in Unarmed Combat
   257 | D        | Reached skill level 8 in Fire Magic
   257 | D        | Reached XP level 4. HP: 31/33 MP: 0/8
   333 | D        | Learned a level 3 spell: Inner Flame
   334 | D        | Noticed Sigmund
   345 | D        | Killed Sigmund
   346 | D        | Reached skill level 10 in Fire Magic
   346 | D        | Reached XP level 5. HP: 22/38 MP: 4/10
   346 | D        | Reached XP level 6. HP: 27/45 MP: 4/11
   481 | D        | Found a shimmering blue altar of Sif Muna.
   482 | D        | Found an ornate altar of the Wu Jian Council.
   489 | D        | Learned a level 4 spell: Sticky Flame
   490 | D        | Found a radiant altar of Vehumet.
   539 | D        | Became a worshipper of Sif Muna the Loreminder
   561 | D        | Found Oceyttosch's General Store.
   561 | D        | Found an ancient bone altar of Kikubaaqudgha.
   561 | D        | Found a hazy altar of Hepliaklqana.
   561 | D        | Found a stormy altar of Qazlal.
   561 | D        | Found a hide-covered altar of Uskayaw.
   561 | D        | Found a blossoming altar of Fedhas.
   561 | D        | Found a bloodstained altar of Trog.
   561 | D        | Found an iron altar of Okawaru.
   561 | D        | Found a basalt altar of Yredelemnul.
   561 | D        | Found a glowing golden altar of the Shining One.
   561 | D        | Found a snail-covered altar of Cheibriados.
   561 | D        | Found a sacrificial altar of Ru.
   561 | D        | Found a glowing silver altar of Zin.
   561 | D        | Found a shadowy altar of Dithmenos.
   561 | D        | Found a white marble altar of Elyvilon.
   561 | D        | Noticed a yak
   570 | D        | Killed a yak
   571 | D        | Reached skill level 12 in Fire Magic
   571 | D        | Reached XP level 7. HP: 35/51 MP: 4/13
   579 | D        | Found an opulent altar of Gozag.
   580 | D        | Found a sparkling altar of Nemelex Xobeh.
   584 | D        | Killed a gargoyle
   595 | D        | Found a burning altar of Makhleb.
   595 | D        | Found a viscous altar of Jiyva.
   595 | D        | Found a shimmering altar of Xom.
   595 | D        | Found a corrupted altar of Lugonu.
   595 | D        | Noticed a slime creature
   613 | D        | Killed a slime creature
   614 | D        | Reached skill level 5 in Conjurations
   727 | D        | Bought an uncursed amulet of reflection for 360 gold pieces
   740 | D        | Noticed Sonja
   742 | D        | Killed Sonja
   742 | D        | Reached * piety under Sif Muna
   743 | D        | Reached skill level 5 in Spellcasting
   743 | D        | Reached skill level 14 in Fire Magic
   743 | D        | Reached XP level 8. HP: 45/58 MP: 15/15
   903 | D        | Found Enad Vev's Antique Armour Boutique.
   923 | D        | Noticed a deep troll
   955 | D        | Killed a deep troll
   956 | D        | Reached skill level 1 in Fighting
   956 | D        | Reached skill level 5 in Dodging
   956 | D        | Reached skill level 15 in Fire Magic
   956 | D        | Reached skill level 1 in Evocations
   956 | D        | Reached XP level 9. HP: 22/64 MP: 10/17
  1205 | D        | Found Saggoduohi's Armour Emporium.
  1209 | D        | Bought the cursed +0 cloak of Kaasitz {rElec SInv} for 256
                  | gold pieces
  1315 | D        | Learned a level 5 spell: Fireball
  1327 | D        | Noticed a centaur warrior
  1327 | D        | Noticed a centaur warrior
  1328 | D        | Killed a centaur warrior
  1329 | D        | Reached skill level 1 in Throwing
  1329 | D        | Reached skill level 16 in Fire Magic
  1335 | D        | Killed a centaur warrior
  1335 | D        | Reached ** piety under Sif Muna
  1336 | D        | Reached skill level 1 in Short Blades
  1336 | D        | Reached skill level 1 in Armour
  1336 | D        | Reached skill level 5 in Stealth
  1419 | D        | Noticed a hornet
  1422 | D        | Killed a hornet
  1423 | D        | Reached skill level 1 in Invocations
  1516 | D        | Noticed an oklob plant
  1708 | D        | Killed an oklob plant
  1709 | D        | Reached XP level 10. HP: 23/77 MP: 3/20
  1855 | D        | Reached *** piety under Sif Muna
  1944 | D        | Noticed an unseen horror
  1945 | D        | Noticed an unseen horror
  1952 | D        | Killed an unseen horror
  1953 | D        | Reached skill level 10 in Conjurations
  1953 | D        | Reached skill level 17 in Fire Magic
  1955 | D        | Killed an unseen horror
  1956 | D        | Reached skill level 1 in Shields
  1956 | D        | Reached skill level 5 in Invocations
  2028 | D        | Reached **** piety under Sif Muna
  2031 | D        | Reached ***** piety under Sif Muna
  2031 | D        | Received a gift from Sif Muna
  2285 | D        | Found Vummar's Distillery.
  2286 | D        | Found Liutacub's Antique Weapon Shop.
  2287 | D        | Found Pony's Weapon Boutique.
  2293 | D        | Got an encrusted scythe
  2294 | D        | Identified the +2 scythe "Hontylae" {drain, rElec rF+} (You
                  | found it in the Dungeon)
  2308 | D        | Found Luehok's Antique Weapon Emporium.
  2308 | D        | Found Dunon's Book Shop.
  2308 | D        | Found Yxtulepn's Jewellery Shoppe.
  2308 | D        | Found Jyfothru's Armour Boutique.
  2308 | D        | Found Ymoq's Book Emporium.
  2308 | D        | Found Fihet's Gadget Shop.
  2308 | D        | Found Zokhiwed's Gadget Shoppe.
  2313 | D        | Found Segay's Book Boutique.
  2314 | D        | Found Uheff's Antique Armour Emporium.
  2314 | D        | Found Savu's Armour Boutique.
  2315 | D        | Bought a book of Minor Magic for 220 gold pieces
  2318 | D        | Learned a level 2 spell: Blink
  2322 | D        | Learned a level 3 spell: Mephitic Cloud
  2325 | D        | Learned a level 2 spell: Call Imp
  2325 | D        | Found Nuopsi's Gadget Emporium.
  2336 | D        | Bought a pair of glowing boots for 135 gold pieces
  2341 | D        | Identified a +2 pair of boots of running (You bought it in
                  | a shop in the Dungeon)
  2365 | D        | Bought a jewelled scale mail for 162 gold pieces
  2365 | D        | Bought a heavily runed scale mail for 162 gold pieces
  2375 | D        | Identified the cursed +1 scale mail of Nemelex Xobeh's
                  | Pride {+Fly rC++ Regen+ Int-5} (You bought it in a shop in
                  | the Dungeon)
  2386 | D        | Identified the +6 scale mail "Ihaasoz" {Str+2} (You bought
                  | it in a shop in the Dungeon)
  2406 | D        | Bought the ring of Taipnul {Will+ Int+4 Stlth+} for 500
                  | gold pieces
  2406 | D        | Bought an uncursed ring of wizardry for 390 gold pieces
  2461 | D        | Noticed a shining eye
  2461 | D        | Noticed a shining eye
  2461 | D        | Noticed a shining eye
  2473 | D        | Gained mutation: Armour fits poorly on your strangely
                  | shaped body. [a shining eye]
  2474 | D        | Identified Jaceghag's Volume of the Snowflakes and
                  | Contamination (Sif Muna gifted it to you in the Dungeon)
  2474 | D        | Received a gift from Sif Muna
  2620 | D        | Killed a shining eye
  2620 | D        | Paralysed by a floating eye for 3 turns
  2626 | D        | Noticed a shining eye
  2627 | D        | Paralysed by a floating eye for 3 turns
  2631 | D        | Noticed a shining eye
  2632 | D        | Paralysed by a floating eye for 4 turns
  2634 | D        | Noticed a shining eye
  2635 | D        | Noticed a shining eye
  2638 | D        | Paralysed by a floating eye for 4 turns
  2648 | D        | Paralysed by a floating eye for 4 turns
  2656 | D        | Paralysed by a floating eye for 2 turns
  2661 | D        | Paralysed by a floating eye for 2 turns
  2666 | D        | Killed a shining eye
  2666 | D        | Paralysed by a floating eye for 2 turns
  2667 | D        | Reached skill level 1 in Summonings
  2667 | D        | Reached skill level 1 in Translocations
  2710 | D        | Killed a shining eye
  2711 | D        | Reached XP level 11. HP: 83/83 MP: 4/22
  2724 | D        | Killed a shining eye
  2736 | D        | Gained mutation: You are dopey. (Int -2) [a shining eye]
  2847 | D        | Noticed a shining eye
  2876 | D        | Killed a shining eye
  2914 | D        | Killed a shining eye
  2915 | D        | Reached skill level 5 in Armour
  2933 | D        | Killed a shining eye
  2933 | D        | Identified Sif Muna's Volume of Blistering Attacks (Sif
                  | Muna gifted it to you in the Dungeon)
  2933 | D        | Received a gift from Sif Muna
  2964 | D        | Paralysed by a floating eye for 3 turns
  2998 | D        | Killed a shining eye
  3116 | D        | Learned a level 2 spell: Searing Ray
  3131 | D        | Found Hech's Armour Shop.
  3131 | D        | Found Huoggo Zabest's General Store.
  3131 | D        | Found Longir's General Store.
  3131 | D        | Found Baawn's Distillery.
  3200 | D        | Bought a potion of mutation for 104 gold pieces
  3200 | D        | Lost mutation: Armour fits poorly on your strangely shaped
                  | body. [potion of mutation]
  3200 | D        | Lost mutation: You are dopey. (Int -2) [potion of mutation]
  3200 | D        | Gained mutation: Your flesh is cold resistant. (rC+)
                  | [potion of mutation]
  3200 | D        | Gained mutation: Armour fits poorly on your strangely
                  | shaped body. [potion of mutation]
  3200 | D        | Gained mutation: Your natural rate of healing is unusually
                  | fast. [potion of mutation]
  3253 | D        | Bought a scroll of blinking for 97 gold pieces
  3255 | D        | Bought a potion of heal wounds for 60 gold pieces
  3428 | D        | Reached skill level 5 in Shields
  3434 | D        | Identified Sif Muna's Papyrus of Dark Dislocation (Sif Muna
                  | gifted it to you in the Dungeon)
  3434 | D        | Received a gift from Sif Muna
  3435 | D        | Reached skill level 5 in Summonings
  3558 | D        | Noticed a lindwurm
  3562 | D        | Killed a lindwurm
  3681 | D        | Reached skill level 1 in Polearms
  3691 | D        | Received a gift from Sif Muna
  3779 | D        | Noticed a daeva
  3783 | D        | Noticed an unseen horror
  3783 | D        | Noticed an unseen horror
  3783 | D        | Noticed an unseen horror
  3783 | D        | Noticed an unseen horror
  3784 | D        | Noticed an unseen horror
  3790 | D        | Killed an unseen horror
  3791 | D        | Reached skill level 5 in Fighting
  3791 | D        | Killed an unseen horror
  3791 | D        | Received a gift from Sif Muna
  3793 | D        | Killed an unseen horror
  3793 | D        | Reached ****** piety under Sif Muna
  3794 | D        | Reached skill level 5 in Translocations
  3794 | D        | Reached XP level 12. HP: 46/94 MP: 13/25
  3802 | D        | Reached skill level 10 in Spellcasting
  3956 | D        | Noticed a fire giant
  3957 | D        | Noticed a fire giant
  3959 | D        | Noticed a fire giant
  3963 | D        | Noticed a fire giant
  4133 | D        | Reached skill level 5 in Polearms
  4203 | D        | Killed a fire giant
  4204 | D        | Reached skill level 1 in Poison Magic
  4210 | D        | Killed a fire giant
  4211 | D        | Reached skill level 1 in Air Magic
  4226 | D        | Killed a fire giant
  4355 | D        | Slain by a fire giant

Illustrated notes

Levels and vault maps discovered:
D:        dungeon_sprint_1 [red_sonja_temple_1, red_sonja_temple_small_1]

Skill      XL: |  1  2  3  4  5  6  7  8  9 10 11 12 |
---------------+-------------------------------------+-----
Dodging        | 2 3 4 5 6 |  6.3
Stealth        | 2 3 4 5 |  5.4
Spellcasting   | 2 3 4 5 6 7 9 10 | 10.6
Fire Magic     | 5 8 10 12 14 15 16 17 | 17.3
Unarmed Combat | 1 2 3 |  3.0
Conjurations   | 2 4 6 7 9 11 12 | 12.5
Fighting       | 1 3 5 6 |  6.7
Evocations     | 1 2 3 |  3.0
Throwing       | 1 |  1.6
Short Blades   | 1 2 |  2.1
Armour         | 1 4 7 9 |  9.3
Invocations    | 2 6 |  6.3
Shields        | 3 6 8 |  8.4
Summonings     | 1 5 |  5.6
Translocations | 1 5 |  5.4
Polearms       | 3 6 |  6.4
Poison Magic   | 3 |  3.3
Air Magic      | 1 |  1.5

Action                   |  1- 3 |  4- 6 |  7- 9 | 10-12 || total
-------------------------+-------+-------+-------+-------++-------
Melee: Unarmed           |    11 |       |       |       ||    11
       Dagger            |       |       |     5 |    22 ||    27
       Scythe            |       |       |       |    49 ||    49
Throw: Dart              |       |       |     2 |     4 ||     6
 Cast: Foxfire           |     9 |     7 |     9 |    18 ||    43
       Sticky Flame      |       |     2 |     2 |    19 ||    23
       Conjure Flame     |       |     1 |     1 |     7 ||     9
       Fireball          |       |       |    15 |    25 ||    40
       Call Imp          |       |       |       |    25 ||    25
       Mephitic Cloud    |       |       |       |     8 ||     8
       Searing Ray       |       |       |       |     7 ||     7
Invok: Channel Magic     |       |       |       |     2 ||     2
Evoke: Wand              |       |       |     5 |     8 ||    13
  Use: Potion            |     2 |       |     2 |     2 ||     6
       Scroll            |       |       |     1 |     3 ||     4
 Stab: Confused          |       |       |       |     1 ||     1
Armor: Robe              |     2 |     1 |       |       ||     3
       Troll leather arm |       |       |     1 |     5 ||     6
       Scale mail        |       |       |       |    63 ||    63
Dodge: Dodged            |     8 |     2 |    10 |    74 ||    94
Block: Other             |       |       |     2 |    21 ||    23

Table legend: (Time is in decaauts)
 A = Elapsed time spent in this place.
 B = Non-inter-level travel time spent in this place.
 C = Inter-level travel time spent in this place.
 D = Time resting spent in this place.
 E = Time spent auto-exploring this place.
 F = Levels seen in this place.
 G = Mean time per level.
                   A        B        C        D        E       F      G
               +--------+--------+--------+--------+--------+-----+--------+
         Total |   4349 |   4304 |     45 |   2473 |      0 |   1 | 4349.0 |
       Dungeon |   4349 |   4304 |     45 |   2473 |      0 |   1 | 4349.0 |
               +--------+--------+--------+--------+--------+-----+--------+

Top non-repeatable levels by time:
       D: 4349 daAuts
